 Dungeon Crawl Stone Soup version 0.28.0 (webtiles) character file.

Game seed: 12794476762966859001

1887 porpoise the Skirmisher (level 9, -4/68 HPs)
             Began as a Djinni Conjurer on Feb 15, 2022.
             Slain by an ice beast (21 damage)
             ... on level 5 of the Dungeon.
             The game lasted 00:18:43 (6537 turns).

porpoise the Skirmisher (Djinni Conjurer)           Turns: 6537, Time: 00:18:43

Health: -4/68      AC:  6    Str:  8    XL:     9   Next: 37%
Gold:   274        EV: 12    Int: 22    God:
                   SH:  0    Dex: 18

rFire   + + .      SeeInvis .   b - +0 hunting sling
rCold   x . .      Faith    .   (no shield)
rNeg    + . .      Spirit   .   m - +0 troll leather armour {Pargi}
rPois   ∞          Reflect  .   p - +1 helmet
rElec   .          Harm     .   (no cloak)
rCorr   .          Rampage  .   (no gloves)
Will    .....                   (boots unavailable)
Stlth   +++.......              (no amulet)
HPRegen 1.01/turn               e - ring of positive energy
MPRegen 0.00/turn               n - +6 ring of dexterity

@: flying
A: sickness immunity, fire resistance 2, cold vulnerability 1, float, innate
caster, HP casting, extra vitality 1
a: no special abilities


You were on level 5 of the Dungeon.
You visited 1 branch of the dungeon, and saw 5 of its levels.
You also visited: Sewer.

You collected 274 gold pieces.

Inventory:

Hand Weapons
 a - a +4 dagger
 b - a +0 hunting sling (weapon)
 w - a +1 dagger of venom
Missiles
 c - 19 arrows
 h - 222 stones
 i - 6 boomerangs
 q - 29 bolts
 s - 4 poisoned darts
 u - 44 sling bullets (quivered ammo)
Armour
 m - a +0 troll leather armour (worn) {Pargi}
 o - a +0 robe
 p - a +1 helmet (worn)
 A - a +0 pair of gloves
Jewellery
 e - a ring of positive energy (left hand)
 n - a +6 ring of dexterity (right hand)
Wands
 t - a wand of flame (24)
Scrolls
 d - a scroll of brand weapon {unknown}
 f - a scroll of teleportation
 j - 2 scrolls of torment
 r - a scroll of enchant weapon {unknown}
 y - a scroll of noise
 z - a scroll of fear {unknown}
 B - a scroll of fog
 C - a scroll of identify
 D - a scroll of immolation {unknown}
Potions
 g - 2 potions of curing
 k - a potion of resistance
 l - 2 potions of haste
 v - a potion of attraction {unknown}
 x - 2 potions of flight {unknown}


   Skills:
 * Level 7.2 Fighting
 - Level 2.1 Dodging
 + Level 4.9 Stealth
 * Level 6.5 Spellcasting


You couldn't memorise any spells.
You knew the following spells:

 Your Spells              Type           Power      Damage    Failure   Level
a - Magic Dart            Conj           100%       1d8       1%          1
b - Searing Ray           Conj           70%        2d7       1%          2
c - Fulminant Prism       Conj/Hex       17%        3d11      9%          4
d - Iskenderun's Mystic   Conj/Tloc      35%        2d8       9%          4
e - Cause Fear            Hex            17%        N/A       9%          4
f - Freeze                Ice            100%       1d11      1%          1
g - Gell's Gravitas       Tloc           35%        N/A       2%          3
k - Blink                 Tloc           70%        N/A       1%          2
z - Dazzling Flash        Conj/Hex       70%        N/A       2%          3
Your spell library was empty.

Dungeon Overview and Level Annotations

Branches:
Dungeon (5/15)              Sewer (visited)
 Temple: D:4-7

Altars:


Innate Abilities, Weirdness & Mutations

You are immune to sickness and miasma.
You are immune to poison.
Your flesh is very heat resistant. (rF++)
You are vulnerable to cold. (rC-)
You float through the air rather than walking.
You learn spells naturally, not from books.
Your magical power is your life essence.
You have superior vitality. (+4 MHP)


Message History

Casting: Searing Ray (safe; 1% risk of failure)
Confirm with . or Enter, or press ? or * to list all spells.
Restarting spell: Searing Ray (safe; 1% risk of failure)
Press: ? - help, Shift-Dir - straight line, f - adder
Aim: an adder (heavily wounded, 68% to hit)
The searing ray misses the adder.
The searing ray hits the ice beast.
The ice beast is moderately wounded. (Press . to maintain the ray.)
The adder bites you.
* * * LOW HITPOINT WARNING * * *
The adder bites you but does no damage.
The searing ray hits the adder.
The adder is almost dead.
The searing ray hits the ice beast but does no damage.
The ice beast is moderately wounded.
* * * LOW HITPOINT WARNING * * *
The adder barely misses you.
The searing ray hits the adder.
You kill the adder!
The searing ray hits the ice beast.
The ice beast is heavily wounded.
* * * LOW HITPOINT WARNING * * *
The searing ray hits the ice beast.
The ice beast is heavily wounded.
* * * LOW HITPOINT WARNING * * *
You finish channelling your searing ray.
The ice beast barely misses you.
Casting: Searing Ray (safe; 1% risk of failure)
Confirm with . or Enter, or press ? or * to list all spells.
Aiming: Searing Ray (safe; 1% risk of failure)
Press: ? - help, Shift-Dir - straight line, f - ice beast
Aim: an ice beast (heavily wounded, 81% to hit)
The searing ray hits the ice beast.
The ice beast is heavily wounded. (Press . to maintain the ray.)
* * * LOW HITPOINT WARNING * * *
The ice beast hits you.
* * * LOW HITPOINT WARNING * * *
The ice beast freezes you!!
You feel a terrible chill!
You die...

*,,,,,,,** *,,###,,,,,,, ####
*###,..*,,******.....*,,,,,
##..###..##..#,,,,,,**.....####*#
#...#........#*,,,,,**#.......##.
#............**,,,,,,,*#......#..
##.........#***,,#######.........
##.........#######)....#.........
#.........#*#...††.#.#.#......<..
....#.....###.##@#.....#.........
...###...##.#.##Y#.#.#.#........#
...#....##..#..†.#.....#........#
............##'#######'###...#...
..........####..h#......##...##..
........#..###..W#:#..#.#..#####.
............##..,#......#...###..
............####+#......#.....#..
............#|+..#.#..#.#.......#


You could see an ice beast.

Vanquished Creatures
  Grinder (D:3)
  Duvessa (D:4)
  Pargi (Sewer)
  A sky beast (D:5)
  A black bear (D:5)
  An ice beast (D:5)
  2 phantoms (D:5)
  Blork the orc (D:4)
  4 scorpions
  Dowan (D:4)
  3 hounds (D:5)
  4 orc priests
  A gnoll shaman (D:5)
  Jessica (D:3)
  Natasha (thrice) (D:3)
  3 iguanas (D:5)
  3 orc wizards (D:4)
  8 gnolls
  3 adders (D:5)
  A shadow imp (D:5)
  2 white imps (D:5)
  An ufetubus (D:4)
  3 worms (D:2)
  2 dart slugs
  19 orcs
  6 endoplasms
  6 giant cockroaches
  5 goblins
  5 hobgoblins
  3 jackals (D:4)
  4 quokkas
  4 ball pythons (D:1)
  16 bats
  4 frilled lizards
  4 kobolds
  4 rats
132 creatures vanquished.

Vanquished Creatures (others)
  10 fulminant prisms
  4 fungi (D:2)
  8 plants (D:2)
22 creatures vanquished.

Grand Total: 154 creatures vanquished

Notes
Turn   | Place    | Note
-------+----------+-------------------------------------------
     0 | D:1      | porpoise the Djinni Conjurer began the quest for the Orb.
     0 | D:1      | Reached XP level 1. HP: 15/15 MP: 0/0
   147 | D:1      | You are sucked into a shaft and drop 1 floor!
   257 | D:2      | Reached XP level 2. HP: 20/22 MP: 0/0
   337 | D:1      | Reached skill level 1 in Fighting
   641 | D:1      | Reached XP level 3. HP: 25/27 MP: 0/0
   641 | D:1      | Learned a level 1 spell: Freeze
  1831 | D:2      | Reached skill level 2 in Fighting
  1831 | D:2      | Reached XP level 4. HP: 24/33 MP: 0/0
  2020 | D:2      | Found a faded altar of an unknown god.
  2414 | D:3      | Noticed Jessica
  2419 | D:3      | Killed Jessica
  2420 | D:3      | Reached XP level 5. HP: 36/39 MP: 0/0
  2420 | D:3      | Learned a level 2 spell: Blink
  2712 | D:3      | Noticed Grinder
  2719 | D:3      | Killed Grinder
  2720 | D:3      | Reached skill level 3 in Fighting
  2720 | D:3      | Reached XP level 6. HP: 15/47 MP: 0/0
  3165 | D:3      | Noticed Natasha
  3171 | D:3      | Killed Natasha
  3301 | D:3      | Reached XP level 7. HP: 49/51 MP: 0/0
  3301 | D:3      | Learned a level 3 spell: Gell's Gravitas
  3350 | D:3      | Noticed Natasha
  3352 | D:3      | Killed Natasha
  3353 | D:3      | Reached skill level 4 in Fighting
  3825 | D:3      | Noticed Natasha
  3827 | D:3      | Killed Natasha
  4066 | D:4      | Noticed Blork the orc
  4092 | D:4      | Killed Blork the orc
  4277 | D:4      | Noticed Dowan
  4282 | D:4      | Killed Dowan
  4320 | D:4      | Reached skill level 5 in Spellcasting
  4323 | D:4      | Noticed Duvessa
  4329 | D:4      | Killed Duvessa
  4330 | D:4      | Reached skill level 5 in Fighting
  4337 | D:4      | Reached XP level 8. HP: 42/59 MP: 0/0
  5449 | D:5      | Entered Level 5 of the Dungeon
  5818 | D:5      | Reached skill level 6 in Fighting
  5970 | D:5      | Found a glowing drain.
  6009 | Sewer    | Entered a sewer
  6049 | Sewer    | Noticed Pargi
  6057 | Sewer    | Killed Pargi
  6250 | D:5      | Reached XP level 9. HP: 54/67 MP: 0/0
  6250 | D:5      | Learned a level 4 spell: Cause Fear
  6514 | D:5      | Reached skill level 7 in Fighting
  6537 | D:5      | Slain by an ice beast

Illustrated notes

Levels and vault maps discovered:
D:1:      saegor_arrival_simple_b, layout_rooms, minivault_5,
          serial_bayou_crossing
D:2:      layout_loops_ring, shapermc_ecumenical_altar_mp_ritualfount,
          st_stairs_6
D:3:      layout_loops_corners, uniq_natasha, uniq_grinder, uniq_jessica
D:4:      layout_cave_pods, uniq_duvessa, uniq_blork_the_orc
D:5:      minmay_clustersquares, layout_cave_pools, portal_sewer_entry_f

Skill      XL: |  1  2  3  4  5  6  7  8  9 |
---------------+----------------------------+-----
Fighting       | 1 2 3 5 6 7 |  7.2
Stealth        | 2 3 4 |  4.9
Spellcasting   | 4 5 6 |  6.5
Dodging        | |  2.1

Action                   |  1- 3 |  4- 6 |  7- 9 || total
-------------------------+-------+-------+-------++-------
 Fire: Hunting sling     |     4 |     9 |    33 ||    46
 Cast: Magic Dart        |    61 |    10 |     3 ||    74
       Searing Ray       |     8 |     8 |    58 ||    74
       Freeze            |     1 |       |       ||     1
       Fulminant Prism   |       |       |    10 ||    10
       Iskenderun's Myst |       |       |     1 ||     1
  Use: Scroll            |       |       |     7 ||     7
       Potion            |       |       |     1 ||     1
Armor: Robe              |     2 |     1 |     7 ||    10
       Troll leather arm |       |       |    12 ||    12
Dodge: Dodged            |     3 |     4 |    37 ||    44
